 Dungeon Crawl Stone Soup version 0.27-a0-1188-g73eefd5def (webtiles) character file.

Game seed: 2846092065988720359

35 ZappyNine the Sneak (level 3, 0/23 HPs)
             Began as a Kobold Fighter on May 21, 2021.
             Succumbed to an adder's poison
             ... on level 2 of the Dungeon.
             The game lasted 00:01:07 (1556 turns).

ZappyNine the Sneak (Kobold Fighter)                Turns: 1556, Time: 00:01:08

Health: 0/23       AC:  8    Str: 13    XL:     3   Next: 55%
Magic:  3/3        EV: 10    Int:  9    God:
Gold:   66         SH:  5    Dex: 15    Spells: 2/2 levels left

rFire    + . .     SeeInvis .   m - +0 dagger
rCold    + . .     Faith    .   c - +0 buckler
rNeg     . . .     Spirit   .   b - +0 scale mail
rPois    .         Reflect  .   k - +1 helmet
rElec    .         Harm     .   j - scarf {rC+ rF+}
rCorr    .         Rampage  .   (no gloves)
Will     .....                  (no boots)
Stlth    ++........             (no amulet)
HPRegen  0.07/turn              (no ring)
MPRegen  0.08/turn              (no ring)

@: lethally poisoned (0 -> -7)
A: small, no large weapons, nightstalker 3
a: no special abilities


You were on level 2 of the Dungeon.
You visited 1 branch of the dungeon, and saw 2 of its levels.

You collected 66 gold pieces.

Inventory:

Hand Weapons
 a - a +0 rapier
 m - a +0 dagger (weapon)
Missiles
 f - 7 curare-tipped darts (quivered)
Armour
 b - a +0 scale mail (worn)
 c - a +0 buckler (worn)
 j - a scarf of resistance (worn)
 k - a +1 helmet (worn)
Jewellery
 n - a ring of see invisible
Scrolls
 e - a scroll of blinking {unknown}
 g - a scroll of acquirement {unknown}
 h - a scroll of vulnerability {unknown}
 l - 2 scrolls of fog {unknown}
Potions
 d - a potion of might
 i - a potion of flight {unknown}
 o - a potion of heal wounds {unknown}


   Skills:
 - Level 3.2 Fighting
 - Level 2.6 Short Blades
 - Level 2.4 Armour
 + Level 4.3 Stealth
 - Level 2.4 Shields


You had 2 spell levels left.
You didn't know any spells.
Your spell library was empty.

Dungeon Overview and Level Annotations

Branches:
Dungeon (2/15)

Altars:


Innate Abilities, Weirdness & Mutations

You are small and have problems with some larger weapons.
You are completely attuned to the shadows.


Message History

The adder is heavily wounded.
The adder bites you.
You are poisoned.
The adder poisons you! The hobgoblin hits you.
You hit the adder but do no damage.
The adder is heavily wounded.
You feel sick. The adder barely misses you.
The hobgoblin hits you but does no damage.
The goblin hits you but does no damage.
You are too injured to fight recklessly!
You are too injured to fight recklessly!
You are too injured to fight recklessly!
You are too injured to fight recklessly!
You are too injured to fight recklessly!
You are too injured to fight recklessly!
You are too injured to fight recklessly!
You are too injured to fight recklessly!
You are too injured to fight recklessly!
You are too injured to fight recklessly!
You are too injured to fight recklessly!
You are too injured to fight recklessly!
You are too injured to fight recklessly!
You are too injured to fight recklessly!
Unknown command.
You hit the goblin but do no damage.
You feel sick. The adder barely misses you. The goblin barely misses you.
The hobgoblin barely misses you.
You closely miss the goblin.
You feel sick. The adder barely misses you.
The goblin hits you but does no damage.
The hobgoblin hits you but does no damage.
You feel sick. The adder bites you.
* * * LOW HITPOINT WARNING * * *
You are lethally poisoned!
The adder poisons you! The adder barely misses you.
The hobgoblin hits you but does no damage.
The goblin hits you but does no damage.
* * * LOW HITPOINT WARNING * * *
You feel sick. The goblin hits you with a +0 dagger.
* * * LOW HITPOINT WARNING * * *
You die...

....#.###
#..........#
......#
#..........#
.....##
##........##
.###.#
##......##
.###.#
########
.....####
####....#
##...###
#..@..###
.........#
.....gS.....
......g...##
....(......
........##
........#
........#


You could see an adder, a hobgoblin and a goblin.

Vanquished Creatures
  A ball python (D:2)
  3 bats (D:1)
  4 endoplasms
  4 goblins (D:1)
  3 hobgoblins
  4 jackals (D:1)
  5 kobolds
  A quokka (D:1)
  2 frilled lizards (D:1)
  4 rats
31 creatures vanquished.

Notes
Turn   | Place    | Note
-------+----------+-------------------------------------------
     0 | D:1      | ZappyNine the Kobold Fighter began the quest for the Orb.
     0 | D:1      | Reached XP level 1. HP: 14/14 MP: 1/1
   118 | D:1      | Reached skill level 1 in Stealth
   246 | D:1      | Reached skill level 2 in Stealth
   246 | D:1      | Reached XP level 2. HP: 19/19 MP: 2/2
   518 | D:1      | Reached skill level 3 in Stealth
   745 | D:1      | Reached XP level 3. HP: 19/23 MP: 3/3
   953 | D:1      | Reached skill level 4 in Stealth
  1555 | D:2      | HP: 1/23 [goblin/+0 dagger (1)]
  1556 | D:2      | Succumbed to an adder's poison

Illustrated notes

Levels and vault maps discovered:
D:1:      wheals_arrival_linesprint, layout_loops_ring, minmay_tromino_v4_a
D:2:      layout_rooms

Skill      XL: |  1  2  3 |
---------------+----------+-----
Stealth        | 2 3 4 |  4.3
Fighting       | |  3.2
Short Blades   | |  2.6
Armour         | |  2.4
Shields        | |  2.4

Action                   || total
-------------------------++-------
Melee: Rapier            ||    70
       Dagger            ||    57
 Stab: Sleeping          ||     3
       Distracted        ||     1
Armor: Scale mail        ||    53
Dodge: Dodged            ||    66
Block: Buckler           ||    33

Table legend: (Time is in decaauts)
 A = Elapsed time spent in this place.
 B = Non-inter-level travel time spent in this place.
 C = Inter-level travel time spent in this place.
 D = Time resting spent in this place.
 E = Time spent auto-exploring this place.
 F = Levels seen in this place.
 G = Mean time per level.
                   A        B        C        D        E       F      G
               +--------+--------+--------+--------+--------+-----+--------+
         Total |   1558 |   1498 |     60 |     69 |   1175 |   2 |  779.0 |
       Dungeon |   1558 |   1498 |     60 |     69 |   1175 |   2 |  779.0 |
               +--------+--------+--------+--------+--------+-----+--------+

Top non-repeatable levels by time:
     D:1: 1393 daAuts
     D:2: 164 daAuts
